 Dungeon Crawl Stone Soup version 0.19-a0-49-gb8736b8 (webtiles) character file.

16 jyri the Changer (level 2, 0/21 HPs)
             Began as a Merfolk Transmuter on May 6, 2016.
             Slain by a hobgoblin (1 damage)
             ... on level 1 of the Dungeon.
             The game lasted 00:03:14 (1140 turns).

jyri the Changer (Merfolk Transmuter)               Turns: 1140, Time: 00:03:15

Health: 0/21       AC:  2    Str: 10    XL:     2   Next: 54%
Magic:  5/5        EV:  8    Int: 12    God:
Gold:   56         SH:  0    Dex: 14    Spells: 1 memorised, 4 levels left

rFire  . . .     SeeInvis .       - Unarmed
rCold  . . .     Gourm    .     b - +0 robe
rNeg   . . .     Faith    .     (no shield)
rPois  .         Spirit   .     (no helmet)
rElec  .         Dismiss  .     (no cloak)
rCorr  .         Reflect  .     (no gloves)
SustAt .         Harm     .     (no boots)
MR     .....                    (no amulet)
Stlth  ++........               (no ring)
                                (no ring)

@: not resistant to hostile enchantments, unstealthy
A: change form in water, swift swim
a: no special abilities


You were on level 1 of the Dungeon.
You were not hungry.

You visited 1 branch of the dungeon, and saw 1 of its levels.

You collected 56 gold pieces.

Inventory:

Missiles
 a - 29 arrows
 h - 17 stones (quivered)
Armour
 b - a +0 robe (worn)
Scrolls
 e - a scroll of remove curse {unknown}
 f - a scroll of fear {unknown}
 i - a scroll of noise {unknown}
Potions
 g - a potion of curing {unknown}
 l - 2 potions of mutation {unknown}
 m - a potion of heal wounds {unknown}
 n - a potion of cure mutation {unknown}
Books
 c - a book of Changes

   Spells                             Type                      Level
   a - Beastly Appendage              Transmutation                1
   b - Sticks to Snakes               Transmutation                2
   c - Spider Form                    Transmutation/Poison         3
   d - Ice Form                       Ice/Transmutation            4
   e - Blade Hands                    Transmutation                5
Comestibles
 d - 3 bread rations
 j - 3 fruits


   Skills:
 - Level 1.1 Fighting
 - Level 2.6 Dodging
 + Level 1.0 Stealth
 - Level 3.2 Unarmed Combat
 - Level 2.0 Spellcasting
 + Level 3.8 Transmutations


You had 4 spell levels left.
You knew the following spells:

 Your Spells              Type           Power        Failure   Level  Hunger
a - Beastly Appendage     Trmt           ##....       8%          1    ##.....


Dungeon Overview and Level Annotations

Branches:
Dungeon (1/15)

Altars:


Message History

You are too injured to fight recklessly!
You are too injured to fight recklessly!
You are too injured to fight recklessly!
You are too injured to fight recklessly!
The bat closely misses you. The bat hits you but does no damage.
The bat barely misses you. The bat misses you. The hobgoblin barely misses you.
The bat barely misses you. The bat barely misses you.
Your horns disappear.
The bat barely misses you. The bat barely misses you.
The bat barely misses you.
There is a stone staircase leading down here.
The bat hits you but does no damage. The bat hits you.
* * * LOW HITPOINT WARNING * * *
The bat hits you.
* * * LOW HITPOINT WARNING * * *
The hobgoblin hits you.
You die...

..........'......(..'.(.)...#
###.....###......(..####†......
#.#.#.# #.......## ...###.
#.#.#.# ##.....## ..... #)....#
##...#########.### ####.###
##........# .# #....#
#.g#####.# # #.#### #gb# #.#
##.############.@#####.###.#
...........................#
##.###..#####.....####.#####
#.###..# ##...#####.# #..)...#
##........# #####.## ##########
#.# #.# ..#


You could see a gnoll, a hobgoblin and a bat.

Vanquished Creatures
  A dart slug (D:1)
  A giant cockroach (D:1)
  3 hobgoblins (D:1)
  3 kobolds (D:1)
  A bat (D:1)
  3 giant newts (D:1)
  A rat (D:1)
13 creatures vanquished.

Notes
Turn   | Place    | Note
--------------------------------------------------------------
     0 | D:1      | jyri the Merfolk Transmuter began the quest for the Orb.
     0 | D:1      | Reached XP level 1. HP: 15/15 MP: 3/3
   448 | D:1      | Reached XP level 2. HP: 21/21 MP: 5/5
  1124 | D:1      | Reached skill level 1 in Stealth
  1140 | D:1      | HP: 1/21 [bat (1)]
  1140 | D:1      | Slain by a hobgoblin

Vault maps used:
D:1:      dpeg_arrival_rhombi

Skill      XL: |  1  2 |
---------------+-------+-----
Transmutations | 3 |  3.8
Stealth        | 1 |  1.0
Fighting       | |  1.1
Dodging        | |  2.6
Unarmed Combat | |  3.2
Spellcasting   | |  2.0

Action                   || total
-------------------------++-------
Melee: Unarmed           ||    36
       Headbutt          ||     3
 Cast: Beastly Appendage ||     6
 Stab: Sleeping          ||     1
  Eat: Fruit             ||     1
Armor: Robe              ||     9
Dodge: Dodged            ||    44
